 Dungeon Crawl Stone Soup version 0.21.1 (webtiles) character file.

5028 Rrauwl the Cleaver (level 10, -3/96 HPs)
             Began as a Hill Orc Monk on Feb 4, 2018.
             Was a High Priest of Okawaru.
             Killed from afar by Maurice (15 damage)
             ... with a wand of acid (6)
             ... on level 8 of the Dungeon.
             The game lasted 00:27:35 (8590 turns).

Rrauwl the Cleaver (Hill Orc Monk)                  Turns: 8590, Time: 00:27:36

Health: -3/96      AC:  9    Str: 17    XL:     10   Next: 55%
Magic:  5/14       EV: 13    Int: 18    God:    Okawaru [*****.]
Gold:   0          SH:  4    Dex: 13    Spells: 9/9 levels left

rFire    . . .     SeeInvis +   a - +0 war axe
rCold    . . .     Gourm    .   q - +0 buckler
rNeg     + . .     Faith    .   m - +1 leather armour of Lysoxto {rN+ SInv}
rPois    .         Spirit   .   (no helmet)
rElec    .         Reflect  .   b - +0 cloak
rCorr    .         Harm     .   l - +2 pair of gloves {archery}
MR       .....                  (no boots)
Stlth    ++........             (no amulet)
HPRegen  0.26/turn              j - +3 ring of intelligence
MPRegen  0.14/turn              u - +2 ring of intelligence

@: no status effects
A: robust 1, strong 1
a: Heroism, Finesse, Renounce Religion


You were on level 8 of the Dungeon.
You worshipped Okawaru.
Okawaru was extremely pleased with you.
You were not hungry.

You visited 2 branches of the dungeon, and saw 9 of its levels.

Inventory:

Hand Weapons
 a - a +0 war axe (weapon)
 c - a +2 quarterstaff of chaos
 d - the +4 Vampire's Tooth {vamp}
   (You found it on level 5 of the Dungeon)

   It inflicts no extra harm, but heals its wielder when it wounds a living foe.
Armour
 b - a +0 cloak (worn)
 l - a +2 pair of gloves of archery (worn)
 m - the +1 leather armour of Lysoxto (worn) {rN+ SInv}
   (You found it on level 6 of the Dungeon)

   It protects you from negative energy.
   It lets you see invisible.
 q - a +0 buckler (worn)
Jewellery
 j - a +3 ring of intelligence (left hand)
 u - a +2 ring of intelligence (right hand)
Wands
 h - a wand of digging (1)
Scrolls
 i - 5 scrolls of identify
 k - a scroll of teleportation
 s - a scroll of immolation
 t - a scroll of remove curse
 v - a scroll of enchant armour
 w - 3 scrolls of amnesia {unknown}
Potions
 f - 5 potions of flight
 g - a potion of magic
 p - a potion of cancellation
Books
 n - a Young Poisoner's Handbook

   Spells                             Type                      Level
   a - Sting                          Conjuration/Poison           1
   b - Poisonous Vapours              Poison/Air                   2
   c - Mephitic Cloud                 Conjuration/Poison/Air       3
   d - Olgreb's Toxic Radiance        Poison                       4
   e - Venom Bolt                     Conjuration/Poison           5
Comestibles
 e - 13 rations
 x - 4 chunks of flesh


   Skills:
 - Level 8.0 Fighting
 + Level 13.7 Axes
 - Level 6.0 Armour
 - Level 4.2 Dodging
 - Level 2.0 Stealth
 + Level 3.1 Shields
 + Level 6.4 Invocations


You had 9 spell levels left.
You didn't know any spells.

Dungeon Overview and Level Annotations

Branches:
Dungeon (8/15)             Temple (1/1) D:7            Lair (0/6) D:8

Altars:
Ashenzari
Dithmenos
Elyvilon
Fedhas
Hepliaklqana
Kikubaaqudgha
Makhleb
Nemelex Xobeh
Okawaru
Qazlal
Ru
Sif Muna
Trog
Uskayaw
Vehumet
Wu Jian
Xom
Yredelemnul
Zin
The Shining One

Annotations:
D:3 tehanu's ghost, amateur GrFi
D:8 Maurice


Innate Abilities, Weirdness & Mutations

You are robust. (+10% HP)
Your muscles are strong. (Str +2)


Message History

Maurice puts on a burst of speed!
Maurice hits you with a dagger of holy wrath.
* * * LOW HITPOINT WARNING * * *
Maurice steals 382 gold pieces!
You now have 0 gold pieces.
You slash Maurice!
Maurice is almost dead.
You closely miss Maurice.
Maurice is almost dead.
Maurice hits you with a dagger of holy wrath!
* * * LOW HITPOINT WARNING * * *
Maurice grunts, "Curses!"
Maurice casts a spell.
Maurice looks slightly unstable.
You barely miss Maurice.
Maurice is almost dead.
Maurice closely misses you.
You barely miss Maurice.
Maurice is almost dead.
Maurice zaps a wand.
The bolt of acid hits you!
You die...

#..).# #.#.# ##.## #
#####..###...###...##
.............##.....##
.#.##........#....)..#
.#.###.###...#.P(....##
.#.###.# #............#
.#.#...# ###..........##
.#.#.### #.....>.....#
.#.#.# #####....@......#
.#...# #........@......#
.##..###.###)#..P....#.#
...).....# #)#.......# .
###..###.###.##.....##
#..# #.....###...##
#..#####.##..##.##
#............# ..
##.#####.###.# ###


You could see Maurice (invisible).

Vanquished Creatures
  A two-headed ogre (D:8)
  The ghost of garbagetei the Frost Mage, a novice DsIE of Vehumet (D:7)
  Pikel (D:5)
  Prince Ribbit (D:7)
  Grinder (D:5)
  The ghost of khargal the Ruffian, an amateur DrTm (D:4)
  2 wargs (D:8)
  3 phantoms
  A sky beast (D:8)
  3 orc warriors
  An eye of draining (D:8)
  2 ogres
  6 bullfrogs
  2 scorpions
  4 wights (D:8)
  2 crimson imps (D:5)
  A bullfrog zombie (D:5)
  A jelly (D:7)
  Crazy Yiuf (D:7)
  3 orc priests
  3 hounds
  6 orc wizards
  Natasha (thrice) (D:4)
  Ijyb (D:4)
  4 worker ants
  A killer bee zombie (D:6)
  4 adders
  A shadow imp (D:6)
  An ooze (D:3)
  An adder zombie (D:5)
  An adder skeleton (D:6)
  3 worms
  A dart slug (D:4)
  4 leopard geckos
  19 orcs
  10 bats
  9 giant cockroaches
  12 goblins
  12 hobgoblins
  8 jackals
  2 quokkas (D:5)
  A ball python (D:1)
  16 frilled lizards
  8 kobolds
  2 leopard gecko skeletons
  A quokka skeleton (D:5)
  11 rats
183 creatures vanquished.

Vanquished Creatures (others)
  The ghost of khargal the Changer, a novice DrTm (D:5)
  A slave (D:5)
  2 vampire bats (D:5)
  A worker ant (D:5)
  An orc (D:5)
6 creatures vanquished.

Grand Total: 189 creatures vanquished

Notes
Turn   | Place    | Note
-------+----------+-------------------------------------------
     0 | D:1      | Rrauwl the Hill Orc Monk began the quest for the Orb.
     0 | D:1      | Reached XP level 1. HP: 19/19 MP: 1/1
    64 | D:1      | Gained mutation: You are robust. (+10% HP) [potion of mutation]
    64 | D:1      | Gained mutation: Your muscles are strong. (Str +2) [potion of mutation]
   272 | D:1      | Reached XP level 2. HP: 18/29 MP: 2/2
   673 | D:1      | Reached XP level 3. HP: 36/36 MP: 3/3
  1303 | D:2      | Reached XP level 4. HP: 45/45 MP: 4/4
  1744 | D:2      | Reached skill level 5 in Axes
  2118 | D:3      | Reached skill level 1 in Armour
  2145 | D:3      | Reached XP level 5. HP: 39/51 MP: 5/5
  2413 | D:3      | Noticed tehanu's ghost (amateur GrFi)
  2515 | D:4      | Noticed khargal's ghost (amateur DrTm)
  2545 | D:4      | Killed khargal's ghost
  2545 | D:4      | Reached skill level 5 in Fighting
  2545 | D:4      | Reached XP level 6. HP: 14/61 MP: 6/6
  2778 | D:4      | Noticed Ijyb
  2794 | D:4      | Noticed a phantom
  2843 | D:4      | Killed a phantom
  2843 | D:4      | Reached skill level 6 in Axes
  3064 | D:4      | Found an iron altar of Okawaru.
  3071 | D:4      | Became a worshipper of Warmaster Okawaru
  3071 | D:4      | Reached * piety under Okawaru
  3071 | D:4      | Reached ** piety under Okawaru
  3280 | D:4      | Killed Ijyb
  3280 | D:4      | Reached XP level 7. HP: 65/67 MP: 7/7
  3446 | D:4      | Reached skill level 7 in Axes
  3484 | D:4      | Noticed Natasha
  3497 | D:4      | Killed Natasha
  3588 | D:4      | Noticed Natasha
  3595 | D:4      | Killed Natasha
  3605 | D:4      | Noticed Natasha
  3619 | D:4      | Killed Natasha
  4094 | D:5      | Entered Level 5 of the Dungeon
  4119 | D:5      | Noticed Grinder
  4121 | D:5      | Noticed Pikel
  4140 | D:5      | Paralysed by Grinder for 5 turns
  4250 | D:5      | Killed Pikel
  4250 | D:5      | Reached *** piety under Okawaru
  4250 | D:5      | Reached skill level 10 in Axes
  4250 | D:5      | Reached XP level 8. HP: 75/75 MP: 8/8
  4326 | D:5      | Paralysed by Grinder for 5 turns
  4332 | D:5      | Killed Grinder
  4332 | D:5      | Reached skill level 11 in Axes
  4411 | D:5      | Noticed khargal's ghost (novice DrTm)
  4599 | D:5      | Killed khargal's ghost
  4599 | D:5      | Reached skill level 12 in Axes
  4747 | D:5      | Found the +4 Vampire's Tooth {vamp}
  4822 | D:5      | Reached skill level 1 in Invocations
  4822 | D:5      | Reached XP level 9. HP: 67/81 MP: 9/9
  4977 | D:5      | Found a stormy altar of Qazlal.
  4984 | D:5      | Found a blossoming altar of Fedhas.
  5203 | D:6      | Reached **** piety under Okawaru
  5453 | D:6      | Found a white marble altar of Elyvilon.
  5472 | D:6      | Got an aquamarine-encrusted leather armour
  5486 | D:6      | Identified the +1 leather armour of Lysoxto {rN+ SInv} (You found it on level 6 of the Dungeon)
  5986 | D:6      | Found a sacrificial altar of Ru.
  6147 | D:7      | Found a runed door.
  6151 | D:7      | Noticed Crazy Yiuf
  6159 | D:7      | Killed Crazy Yiuf
  6226 | D:7      | Noticed Prince Ribbit
  6241 | D:7      | Killed Prince Ribbit
  6241 | D:7      | Reached skill level 5 in Armour
  6256 | D:7      | Found a glowing golden altar of the Shining One.
  6562 | D:7      | Noticed garbagetei's ghost (novice DsIE)
  6586 | D:7      | Killed garbagetei's ghost
  6586 | D:7      | Reached skill level 13 in Axes
  6983 | D:7      | Reached ***** piety under Okawaru
  6983 | D:7      | Reached XP level 10. HP: 83/94 MP: 13/13
  7108 | D:7      | Found a staircase to the Ecumenical Temple.
  7118 | Temple   | Entered the Ecumenical Temple
  7469 | D:8      | Reached skill level 5 in Invocations
  7478 | D:8      | Noticed a two-headed ogre
  7518 | D:8      | HP: 3/94 [two-headed ogre/giant club (10)]
  7911 | D:8      | Killed a two-headed ogre
  7911 | D:8      | Reached skill level 1 in Shields
  8538 | D:8      | Found a staircase to the Lair.
  8538 | D:8      | Noticed Maurice
  8590 | D:8      | Killed from afar by Maurice

Skill      XL: |  1  2  3  4  5  6  7  8  9 10 |
---------------+-------------------------------+-----
Stealth        | 2 |  2.0
Fighting       | 4 5 7 8 |  8.0
Dodging        | 3 4 |  4.2
Axes           | 5 6 10 12 13 | 13.7
Armour         | 1 2 3 4 5 6 |  6.0
Invocations    | 1 4 6 |  6.4
Shields        | 3 |  3.1

Action                   |  1- 3 |  4- 6 |  7- 9 | 10-12 || total
-------------------------+-------+-------+-------+-------++-------
Melee: Hand axe          |   142 |   247 |    72 |       ||   461
       War axe           |       |       |   266 |   134 ||   400
Invok: Heroism           |       |       |     1 |     3 ||     4
Evoke: Wand              |       |       |     4 |       ||     4
  Use: Potion            |     4 |     5 |     3 |     1 ||    13
       Scroll            |     1 |     4 |     6 |       ||    11
 Stab: Sleeping          |     2 |     2 |     3 |       ||     7
  Eat: Chunk             |     1 |     4 |     4 |     3 ||    12
       Ration            |       |     1 |     2 |     1 ||     4
Armor: Robe              |    52 |     4 |       |       ||    56
       Ring mail         |       |    63 |    78 |       ||   141
       Leather armour    |       |       |    14 |    12 ||    26
Dodge: Dodged            |    95 |   113 |   173 |    47 ||   428
Block: Buckler           |       |       |     2 |    17 ||    19
